 Dungeon Crawl Stone Soup version 0.29.1-2-gbd0b4ee654 (webtiles) character file.

Game seed: 4177343124893772630

110 qeuew the Sneak (level 4, -4/21 HPs)
             Began as a Spriggan Enchanter on Nov 8, 2022.
             Killed from afar by Natasha (8 damage)
             ... with a magic dart
             ... on level 3 of the Dungeon.
             The game lasted 00:03:01 (2347 turns).

qeuew the Sneak (Spriggan Enchanter)                Turns: 2347, Time: 00:03:02

Health: -4/21      AC:  2    Str:  4    XL:     4   Next: 61%
Magic:  10/10      EV: 18    Int: 16    God:
Gold:   124        SH:  0    Dex: 17    Spells: 8/10 levels left

rFire   + . .      SeeInvis +   a - +1 dagger
rCold   + . .      Faith    .   (no shield)
rNeg    + . .      Spirit   .   b - +0 robe
rPois   +          Reflect  .   (helmet restricted)
rElec   +          Harm     .   (no cloak)
rCorr   +          Rampage  .   (gloves unavailable)
Will    .....                   (boots unavailable)
Stlth   +++.......              (no amulet)
HPRegen 0.07/turn               f - ring of resist corrosion
MPRegen 0.12/turn               i - ring of positive energy

@: resistant (expiring), very quick
A: very small, no large weapons, unfitting armour, see invisible, speed 3
a: no special abilities


You were on level 3 of the Dungeon.
You visited 1 branch of the dungeon, and saw 3 of its levels.

You collected 124 gold pieces.

Inventory:

Hand Weapons
 a - a +1 dagger (weapon)
Armour
 b - a +0 robe (worn)
Jewellery
 f - a ring of resist corrosion (left hand)
 i - a ring of positive energy (right hand)
Wands
 j - a wand of iceblast (14)
Scrolls
 g - 2 scrolls of magic mapping
Potions
 c - 3 potions of invisibility
 d - a potion of ambrosia


   Skills:
 + Level 2.3 Short Blades
 + Level 3.7 Dodging
 + Level 5.4 Stealth
 + Level 3.5 Spellcasting
 + Level 4.3 Hexes


You had 8 spell levels left.
You knew the following spells:

 Your Spells              Type           Power      Damage    Failure   Level
a - Ensorcelled Hibernat  Hex/Ice        18%        N/A       11%         2

Your spell library contained the following spells:

 Spells                   Type           Power      Damage    Failure   Level
 Confusing Touch          Hex            16%        N/A       9%          3
 Tukima's Dance           Hex            16%        N/A       9%          3
 Dazzling Flash           Conj/Hex       18%        N/A       22%         3
 Summon Mana Viper        Hex/Summ       9%         N/A       90%         5
 Summon Forest            Summ/Tloc      1%         N/A       99%         5
 Summon Cactus Giant      Summ           1%         N/A       100%        6


Dungeon Overview and Level Annotations

Branches:
Dungeon (3/15)

Altars:
Okawaru

Shops:
D:1 ?

Annotations:
D:3 Natasha


Innate Abilities, Weirdness & Mutations

You are very small and have problems with some larger weapons.
You are too small for most types of armour.
You have supernaturally acute eyesight. (SInv)
You cover ground extremely quickly. (Speed+++)


Message History

You closely miss the adder.
The adder is severely wounded.
The adder barely misses you. x2
You hit the adder. Your punch misses the adder.
The adder is almost dead.
The worm bites you! The adder misses you.
You hit the adder but do no damage.
The adder is almost dead.
The adder bites you but does no damage.
You hit the adder.
You kill the adder!
The worm barely misses you.
You barely miss the worm.
You start to feel less resistant.
Natasha, Servant of Life and Death comes into view.
Natasha hisses angrily.
You hit the worm.
The worm is lightly wounded.
The worm misses you.
You hit the worm.
The worm is moderately wounded.
Natasha casts a spell at you. The magic dart hits you!
* * * LOW HITPOINT WARNING * * *
The worm barely misses you.
You are too injured to fight recklessly!
You are too injured to fight recklessly!
You are too injured to fight recklessly!
You are too injured to fight recklessly!
You are too injured to fight recklessly!
You are too injured to fight recklessly!
You are too injured to fight recklessly!
You are too injured to fight recklessly!
You are too injured to fight recklessly!
You are too injured to fight recklessly!
You are too injured to fight recklessly!
You are too injured to fight recklessly!
Natasha casts a spell at you. The magic dart hits you!
You die...

#..##....#....
#..#.......#
###..<......##
..............#
.####.........#
#.#......###
##.#........#
######..#...........
....!..@....:.....#.
........w......##.#
......$.#.#...## .#
................ #
.h...#.###.###.#.
.....#...#.#...#S
.....###.#.#.###.
.......#.#.#.#.
....._....(...


You could see a worm and Natasha.

Vanquished Creatures
  Natasha (D:3)
  4 adders
  A worm (D:2)
  A dart slug (D:1)
  4 endoplasms
  A giant cockroach (D:2)
  4 goblins
  4 hobgoblins
  3 jackals (D:1)
  3 quokkas (D:1)
  5 ball pythons
  3 bats
  4 frilled lizards
  3 kobolds
  4 rats (D:1)
45 creatures vanquished.

Notes
Turn   | Place    | Note
-------+----------+-------------------------------------------
     0 | D:1      | qeuew the Spriggan Enchanter began the quest for the Orb.
     0 | D:1      | Reached XP level 1. HP: 9/9 MP: 5/5
    82 | D:1      | Reached XP level 2. HP: 13/13 MP: 6/6
    89 | D:1      | Learned a level 2 spell: Ensorcelled Hibernation
   304 | D:1      | Found Daquil Qone's Magic Scroll Emporium.
  1003 | D:1      | Reached XP level 3. HP: 11/16 MP: 8/8
  1516 | D:2      | Reached skill level 5 in Stealth
  1747 | D:2      | Reached XP level 4. HP: 21/21 MP: 10/10
  2298 | D:3      | Noticed Natasha
  2305 | D:3      | Killed Natasha
  2326 | D:3      | Found an iron altar of Okawaru.
  2344 | D:3      | Noticed Natasha
  2347 | D:3      | Killed from afar by Natasha

Illustrated notes

Levels and vault maps discovered:
D:1:      wander_arrival_chamber, layout_basic, serial_shops, nicolae_shop_stone
D:2:      layout_basic
D:3:      layout_rooms, mainiacjoe_overflow_large_starburst,
          gup_sewer_entry_bubbles, basic_ecumenical_altar, grunt_ministairs_5,
          uniq_natasha

Skill      XL: |  1  2  3 |
---------------+----------+-----
Dodging        | 3 |  3.7
Spellcasting   | 3 |  3.5
Hexes          | 4 |  4.3
Stealth        | 5 |  5.4
Short Blades   | 2 |  2.3

Action                   |  1- 3 |  4- 6 || total
-------------------------+-------+-------++-------
Melee: Dagger            |   121 |    42 ||   163
       Punch             |     1 |       ||     1
  Use: Scroll            |     4 |     2 ||     6
       Potion            |       |     2 ||     2
 Stab: Sleeping          |    15 |     1 ||    16
Armor: Robe              |     9 |     4 ||    13
Dodge: Dodged            |    76 |    38 ||   114
